 Dungeon Crawl Stone Soup version 0.27-a0-1196-g3e9cee4cb2 (webtiles) character file.

Game seed: 18101306940425573274

2764 Mesmaeker13 the Summoner (level 9, -1/45 HPs)
             Began as a Tengu Summoner on May 28, 2021.
             Killed by the air
             ... invoked by Gastronok
              (30 damage)
             ... on level 8 of the Dungeon on May 29, 2021.
             The game lasted 00:18:13 (10460 turns).

Mesmaeker13 the Summoner (Tengu Summoner)          Turns: 10460, Time: 00:18:13

Health: -1/45      AC:  5    Str: 10    XL:     9   Next: 69%
Magic:  1/19       EV: 33    Int: 18    God:
Gold:   363        SH:  0    Dex: 14    Spells: 11/20 levels left

rFire    . . .     SeeInvis .   y - +2 spear
rCold    . . .     Faith    .   (no shield)
rNeg     . . .     Spirit   .   D - +0 steam dragon scales
rPois    .         Reflect  .   (helmet restricted)
rElec    .         Harm     .   (no cloak)
rCorr    .         Rampage  .   (no gloves)
Will     +....                  (boots unavailable)
Stlth    ++........             u - amulet of the acrobat
HPRegen  0.15/turn              a - ring of willpower
MPRegen  0.16/turn              (no ring)

@: acrobatic, flying quickly and evasively, quick
A: beak, talons 3, nimble flight
a: no special abilities


You were on level 8 of the Dungeon.
You visited 2 branches of the dungeon, and saw 9 of its levels.

You collected 363 gold pieces.

Inventory:

Hand Weapons
 j - a +4 mace of draining
 y - a +2 spear (weapon)
 A - a +7 quarterstaff
Missiles
 B - a curare-tipped dart
Armour
 p - a +0 robe of resistance
 D - +0 steam dragon scales (worn)
Magical Staves
 x - a staff of conjuration
Jewellery
 a - a ring of willpower (left hand)
 u - an amulet of the acrobat (around neck)
Wands
 t - a wand of flame (17)
 w - a wand of iceblast (16)
 C - a wand of charming (6)
Scrolls
 b - 5 scrolls of amnesia
 g - 2 scrolls of immolation {unknown}
 h - 2 scrolls of fog
 k - 3 scrolls of noise
 m - 2 scrolls of magic mapping
 n - 2 scrolls of blinking
 o - 2 scrolls of enchant armour {unknown}
 q - 3 scrolls of teleportation {unknown}
 s - 2 scrolls of fear {unknown}
Potions
 c - a potion of heal wounds {unknown}
 d - a potion of resistance {unknown}
 e - a potion of haste {unknown}
 f - 4 potions of curing
 i - a potion of brilliance {unknown}
 l - 2 potions of magic
 r - 3 potions of cancellation
 v - a potion of attraction {unknown}
 z - a potion of lignification {unknown}
 E - a potion of flight {unknown}


   Skills:
 + Level 7.6 Dodging
 - Level 2.0 Stealth
 + Level 6.4 Spellcasting
 + Level 9.3 Summonings
 + Level 7.6 Air Magic


You had 11 spell levels left.
You knew the following spells:

 Your Spells              Type           Power      Damage    Failure   Level
a - Summon Lightning Spi  Summ/Air       36%        N/A       3%          4
b - Call Imp              Summ           39%        N/A       1%          2
c - Call Canine Familiar  Summ           39%        N/A       1%          3

Your spell library contained the following spells:

 Spells                   Type           Power      Damage    Failure   Level
 Summon Small Mammal      Summ           100%       N/A       1%          1
 Summon Guardian Golem    Hex/Summ       22%        N/A       4%          3
 Summon Ice Beast         Ice/Summ       22%        N/A       17%         4
 Confusing Touch          Hex            5%         N/A       34%         3
 Gell's Gravitas          Tloc           2%         N/A       34%         3
 Petrify                  Tmut/Erth      5%         N/A       75%         4
 Metabolic Englaciation   Hex/Ice        2%         N/A       97%         5
 Yara's Violent Unravell  Hex/Tmut       2%         3d3       97%         5


Dungeon Overview and Level Annotations

Branches:
Dungeon (8/15)             Temple (1/1) D:6
   Lair: D:8-11

Altars:
Ashenzari
Cheibriados
Hepliaklqana
Kikubaaqudgha
Makhleb
Nemelex Xobeh
Okawaru
Qazlal
Ru
Trog
Uskayaw
Vehumet
Xom
Yredelemnul
Zin
The Shining One

Shops:
D:2 :

Annotations:
D:5 Grinder
D:7 4 exclusions, Harold
D:8 Gastronok


Innate Abilities, Weirdness & Mutations

You have a beak for a mouth.
You have claws for feet.
Your magical nature lets you fly swiftly and evasively.


Message History

Gastronok casts a spell.
Your hound bites Gastronok. x2
Your hound bites Gastronok but does no damage.
Your hound slows momentarily.
Your hound bites Gastronok.
The rat completely misses you.
Your hound bites Gastronok.
Your hound bites Gastronok but does no damage.
The rat completely misses you. Gastronok bites your hound!
Your hound bites Gastronok.
The rat completely misses you.
Your hound barely misses Gastronok.
Your hound closely misses the rat.
Your hound bites the rat.
The rat dies!
The rat's corpse disappears in a puff of smoke!
Casting: Call Canine Familiar (safe; 1% risk of failure)
Confirm with . or Enter, or press ? or * to list all spells.
An electric hum fills the air.
Your lightning spire shoots out a bolt of lightning at the quokka!
The bolt of electricity hits the quokka!
The quokka dies!
The quokka's corpse disappears in a puff of smoke!
Gastronok mumbles some strange words.
Gastronok puts on a burst of speed!
Gastronok bites your hound!!!
Your hound dies!
Your hound's corpse disappears in a puff of smoke!
Casting: Summon Lightning Spire (dangerous; 3% risk of failure)
Confirm with . or Enter, or press ? or * to list all spells.
Gastronok gurgles horribly!
Gastronok looks at you and mumbles some strange words.
Your hound seems to slow down.
Unknown command.
Okay, then.
Gastronok sloshes about.
Gastronok looks at you while chanting.
Your hound seems to slow down.
Gastronok waves his eye-stalks in wide circles.
The air twists around and strikes you!!
Ouch! That really hurt!
You die...

.(.[+.....#.#.# #.##.######.
....#.#...#...# #w##...
....#.#.#.##### #h######
....#.#.#.# #.# ....#.#(#.#
#.# ....#(#.#.#######.#
....#...#.......#.#######
###############.#........
#...@....#### #####
#.#....8....#
#...#####.#......##..
#####.(.#...#.#.#########
....'...'...'.#.........#
#####...#.<.###########.#
#...#...# #.#
#...#...###########.####
#####...#####.........#....#


You could see Gastronok (swift, ally target), a friendly lightning spire
(summoned) and a friendly hound (summoned, slow).

Vanquished Creatures
  Joseph (D:7)
  2 sky beasts
  2 centaurs
  A kobold brigand (D:7)
  2 wyvern zombies
  2 bullfrogs (D:7)
  2 scorpions
  A wight (D:8)
  A bullfrog zombie (D:6)
  A centaur skeleton (D:6)
  2 hounds
  An orc priest (D:7)
  Jessica (D:3)
  2 iguanas
  2 orc wizards (D:5)
  Natasha (twice) (D:3)
  Terence (D:2)
  An adder (D:6)
  An ufetubus (D:6)
  2 adder skeletons
  A worm (D:3)
  A dart slug (D:2)
  4 orcs
  4 ball pythons
  3 bats
  7 endoplasms
  A giant cockroach (D:4)
  4 goblins
  6 hobgoblins
  2 jackals
  3 quokkas
  4 frilled lizards
  7 kobolds
  3 rats
80 creatures vanquished.

Vanquished Creatures (collateral kills)
  A two-headed ogre (D:7)
  A steam dragon (D:8)
  A water moccasin (D:8)
  An orc warrior (D:8)
  3 black bears
  A hornet zombie (D:6)
  3 necrophages
  An ogre (D:6)
  A centaur (D:7)
  2 bullfrogs (D:7)
  A scorpion (D:5)
  A water moccasin zombie (D:5)
  5 wights
  2 bullfrog zombies (D:6)
  2 centaur zombies
  A centaur skeleton (D:6)
  2 jellies
  2 orc priests (D:7)
  A bullfrog skeleton (D:4)
  2 iguanas (D:6)
  Natasha (D:3)
  5 orc wizards
  A nameless horror (D:6)
  A hound skeleton (D:4)
  An adder (D:4)
  An adder skeleton (D:4)
  A worm (D:3)
  2 dart slugs
  15 orcs
  3 ball pythons (D:2)
  5 endoplasms
  A goblin (D:4)
  3 hobgoblins
  5 jackals
  7 kobolds
  3 bats
  A frilled lizard (D:3)
  2 rats
92 creatures vanquished.

Grand Total: 172 creatures vanquished

Notes
Turn   | Place    | Note
-------+----------+-------------------------------------------
     0 | D:1      | Mesmaeker13 the Tengu Summoner began the quest for the Orb.
     0 | D:1      | Reached XP level 1. HP: 10/10 MP: 4/4
   638 | D:1      | Reached skill level 5 in Summonings
   815 | D:1      | Reached XP level 2. HP: 15/15 MP: 3/6
  1546 | D:2      | Found an iron altar of Okawaru.
  1546 | D:2      | Found Kelech's Book Shoppe.
  1666 | D:2      | Learned a level 2 spell: Call Imp
  1769 | D:2      | Noticed Terence
  1970 | D:2      | Reached XP level 3. HP: 19/19 MP: 4/7
  2740 | D:2      | Killed Terence
  3188 | D:3      | Noticed Jessica
  3201 | D:3      | Learned a level 3 spell: Call Canine Familiar
  3206 | D:3      | Killed Jessica
  3207 | D:3      | Reached XP level 4. HP: 17/24 MP: 3/9
  3360 | D:3      | Found a broken altar of Ashenzari.
  3417 | D:3      | Noticed Natasha
  3450 | D:3      | Killed Natasha
  3850 | D:3      | Noticed Natasha
  3858 | D:3      | Killed Natasha
  3859 | D:3      | Gained mutation: Your magical nature lets you fly swiftly
                  | and evasively. [Tengu growth]
  3859 | D:3      | Reached XP level 5. HP: 27/28 MP: 6/10
  3945 | D:3      | Noticed Natasha
  3953 | D:3      | Killed Natasha
  3954 | D:3      | Reached skill level 6 in Summonings
  4122 | D:4      | Learned a level 4 spell: Summon Lightning Spire
  4303 | D:4      | Found a sacrificial altar of Ru.
  4393 | D:4      | Reached skill level 1 in Air Magic
  4461 | D:4      | Reached XP level 6. HP: 32/32 MP: 9/12
  4764 | D:4      | Found a radiant altar of Vehumet.
  4903 | D:5      | Entered Level 5 of the Dungeon
  5038 | D:5      | Noticed a sky beast
  5050 | D:5      | Killed a sky beast
  5051 | D:5      | Reached XP level 7. HP: 36/36 MP: 10/14
  5443 | D:5      | Reached skill level 5 in Dodging
  5515 | D:5      | Reached skill level 7 in Summonings
  5680 | D:5      | Noticed Grinder
  5722 | D:5      | Identified the +0 kite shield of the Sun {Harm Rampage
                  | rPois rF+ Str-4}
  5792 | D:6      | Learned a level 1 spell: Summon Small Mammal
  6357 | D:6      | Reached XP level 8. HP: 41/41 MP: 8/16
  6818 | D:6      | Reached skill level 5 in Spellcasting
  6827 | D:6      | Reached skill level 5 in Air Magic
  7454 | D:6      | Found a staircase to the Ecumenical Temple.
  7525 | Temple   | Entered the Ecumenical Temple
  7789 | D:6      | Reached skill level 8 in Summonings
  7966 | D:6      | Found a hazy altar of Hepliaklqana.
  7968 | D:6      | Found a faded altar of an unknown god.
  8250 | D:7      | Found a shimmering altar of Xom.
  8250 | D:7      | Found a snail-covered altar of Cheibriados.
  8446 | D:7      | Reached XP level 9. HP: 45/45 MP: 14/18
  8680 | D:7      | Noticed Harold
  8822 | D:7      | Noticed a two-headed ogre
  8839 | D:7      | Killed a two-headed ogre
  9046 | D:7      | Noticed Joseph
  9072 | D:7      | Killed Joseph
  9073 | D:7      | Reached skill level 9 in Summonings
  9516 | D:8      | Noticed Gastronok
 10460 | D:8      | Killed from afar by Gastronok

Illustrated notes

Levels and vault maps discovered:
D:1:      amcnicky_arrival_gap_in_the_tavern_cellar, layout_basic
D:2:      layout_basic, basic_altar, serial_shops, nicolae_shop_statue_plus,
          chequers_serial_rivers_micro_c, minmay_strange_pillars, uniq_terence
D:3:      layout_basic, nicolae_ashenzari_skybound,
          minmay_misc_feat_secret_circle, uniq_jessica, uniq_natasha
D:4:      layout_cave_pools, lemuel_crystal_altar, marbit_many_paths,
          grunt_ministairs_3, hangedman_decor_points
D:5:      layout_loops_ring, fedhas_altar_2, kennysheep_mini, uniq_grinder
D:6:      hangedman_cross_stitches, layout_loops_cross,
          beargit_hepliaklqana_dungeon_heroes, temple_green, due_unseen_surprise
D:7:      layout_basic, jmf_multi_god_temple, uniq_harold, uniq_joseph
D:8:      layout_basic, uniq_gastronok
Temple:   eino_wide_crystal_templ

Skill      XL: |  1  2  3  4  5  6  7  8  9 |
---------------+----------------------------+-----
Summonings     | 5 6 7 8 9 |  9.3
Dodging        | 3 4 5 6 7 |  7.6
Spellcasting   | 3 4 5 6 |  6.4
Air Magic      | 1 3 4 6 7 |  7.6
Stealth        | |  2.0

Action                   |  1- 3 |  4- 6 |  7- 9 || total
-------------------------+-------+-------+-------++-------
Melee: Unarmed           |    31 |       |       ||    31
       Kick              |    20 |    17 |    26 ||    63
       Short sword       |    32 |       |       ||    32
       Peck              |     3 |    13 |    19 ||    35
       Mace              |    12 |    70 |    48 ||   130
       Spear             |       |       |   103 ||   103
 Cast: Summon Small Mamm |    31 |       |       ||    31
       Call Imp          |    21 |    20 |     7 ||    48
       Call Canine Famil |       |     3 |    39 ||    42
       Summon Lightning  |       |       |    36 ||    36
Evoke: Wand              |       |       |     5 ||     5
  Use: Scroll            |       |     5 |     4 ||     9
 Stab: Sleeping          |     3 |     1 |     2 ||     6
       Distracted        |       |     2 |     1 ||     3
Armor: Robe              |    24 |     9 |     9 ||    42
       Steam dragon scal |       |       |     2 ||     2
Dodge: Dodged            |    69 |    74 |   145 ||   288

Table legend: (Time is in decaauts)
 A = Elapsed time spent in this place.
 B = Non-inter-level travel time spent in this place.
 C = Inter-level travel time spent in this place.
 D = Time resting spent in this place.
 E = Time spent auto-exploring this place.
 F = Levels seen in this place.
 G = Mean time per level.
                   A        B        C        D        E       F      G
               +--------+--------+--------+--------+--------+-----+--------+
         Total |  10212 |   9888 |    324 |   2383 |   5618 |   9 | 1134.7 |
       Dungeon |  10157 |   9846 |    311 |   2383 |   5577 |   8 | 1269.6 |
        Temple |     55 |     42 |     13 |      0 |     40 |   1 |   55.0 |
               +--------+--------+--------+--------+--------+-----+--------+

Top non-repeatable levels by time:
     D:6: 2186 daAuts
     D:1: 1713 daAuts
     D:7: 1428 daAuts
     D:2: 1259 daAuts
     D:3: 1143 daAuts
     D:4: 1034 daAuts
     D:8: 857 daAuts
     D:5: 533 daAuts
  Temple: 55 daAuts
